 Dungeon Crawl Stone Soup version 0.30-a0-4-ga7cffc901d (webtiles) character file.

Game seed: 17213010076201609335

10 bearlyready the Sneak (level 2, 0/19 HPs)
             Began as a Vampire Wanderer on Aug 20, 2022.
             Slain by a kobold
             ... wielding a +0 whip
              (5 damage)
             ... on level 1 of the Dungeon.
             The game lasted 00:02:10 (181 turns).

bearlyready the Sneak (Vampire Wanderer)             Turns: 181, Time: 00:02:11

Health: 0/19       AC:  3    Str:  8    XL:     2   Next: 10%
Magic:  6/6        EV: 11    Int: 18    God:
Gold:   29         SH:  0    Dex: 12    Spells: 7/7 levels left

rFire   . . .      SeeInvis +    a - +0 dagger
rCold   . . .      Faith    .    (no shield)
rNeg    . . .      Spirit   .    c - +0 robe
rPois   .          Reflect  .    (no helmet)
rElec   .          Harm     .    d - +0 cloak
rCorr   .          Rampage  .    (no gloves)
Will    .....                    (no boots)
Stlth   +++.......               (no amulet)
HPRegen 0.26/turn                (no ring)
MPRegen 0.10/turn                (no ring)

@: healing quickly
A: alive, fangs 3, see invisible, vampiric 1
a: Exsanguinate


You were on level 1 of the Dungeon.
You visited 1 branch of the dungeon, and saw 1 of its levels.

You collected 29 gold pieces.

Inventory:

Hand Weapons
 a - a +0 dagger (weapon)
Armour
 c - a +0 robe (worn)
 d - a +0 cloak (worn)
Potions
 b - 2 potions of curing


   Skills:
 + Level 0.1 Fighting
 - Level 1.0 Throwing
 + Level 0.2 Dodging
 + Level 5.3 Stealth
 - Level 3.0 Spellcasting
 - Level 1.7 Poison Magic


You had 7 spell levels left.
You didn't know any spells.
Your spell library contained the following spells:

 Spells                   Type           Power      Damage    Failure   Level
 Sting                    Tmut/Pois      20%        1d4       12%         1
 Freeze                   Ice            8%         1d3       16%         1
 Magic Dart               Conj           8%         1d3       16%         1
 Spider Form              Tmut/Pois      5%         N/A       34%         3
 Inner Flame              Hex/Fire       2%         N/A       43%         3
 Portal Projectile        Hex/Tloc       4%         N/A       43%         3


Dungeon Overview and Level Annotations

Branches:
Dungeon (1/15)

Altars:


Innate Abilities, Weirdness & Mutations

Your natural rate of healing is accelerated.
You have razor-sharp teeth.
You have supernaturally acute eyesight. (SInv)
You are afflicted with vampirism.


Message History

No target in view!
b - 2 potions of curing (gained 1)
A kobold and a goblin come into view.
There are monsters nearby!
A kobold and a frilled lizard come into view.
The goblin shouts!
You barely miss the goblin. The goblin hits you with a +0 club.
You hit the goblin. Your bite misses the goblin.
The goblin is severely wounded.
The goblin hits you with a +0 club.
You closely miss the goblin.
The goblin is severely wounded.
The goblin closely misses you.
You hit the goblin but do no damage.
The goblin is severely wounded.
The goblin hits you with a +0 club.
You are too injured to fight recklessly!
You are too injured to fight recklessly!
You are too injured to fight recklessly!
You are too injured to fight recklessly!
You are too injured to fight recklessly!
You are too injured to fight recklessly!
You are too injured to fight recklessly!
You are too injured to fight recklessly!
You are too injured to fight recklessly!
You are too injured to fight recklessly!
You closely miss the goblin. Your bite misses the goblin.
The goblin is severely wounded.
The goblin hits you with a +0 club.
You hit the goblin.
You kill the goblin!
The kobold throws a stone.
The stone closely misses you. The kobold hits you with a +0 whip.
* * * LOW HITPOINT WARNING * * *
You see here a +0 club.
You closely miss the kobold. Your bite misses the kobold.
The kobold hits you with a +0 whip.
* * * LOW HITPOINT WARNING * * *
You barely miss the kobold. The kobold hits you with a +0 whip.
You die...

# .###.###########
.......KK@.....# #####
###....######.# ...# ###
#....#......#####.###.[
#...K#.................
#..........>............
..................#.#....
.###....#######...##.#.###
+....+ .............†..
#....# #########.######


You could see 2 kobolds.

Vanquished Creatures
  A ball python (D:1)
  An endoplasm (D:1)
  2 goblins (D:1)
  2 hobgoblins (D:1)
  A quokka (D:1)
  A rat (D:1)
8 creatures vanquished.

Notes
Turn   | Place    | Note
-------+----------+-------------------------------------------
     0 | D:1      | bearlyready the Vampire Wanderer began the quest for the
                  | Orb.
     0 | D:1      | bearlyready set off with the following items: a +0 dagger,
                  | a potion of curing, a +0 robe, a +0 cloak; and the
                  | following spells available to memorise: Sting, Freeze,
                  | Magic Dart, Spider Form, Inner Flame, Portal Projectile.
     0 | D:1      | Reached XP level 1. HP: 13/13 MP: 4/4
    61 | D:1      | Reached skill level 5 in Stealth
   102 | D:1      | Reached XP level 2. HP: 19/19 MP: 6/6
   181 | D:1      | Slain by a kobold

Illustrated notes

Levels and vault maps discovered:
D:1:      matt_arrival_grand_opening, layout_basic,
          hellmonk_ecumenical_altar_crossroads, nicolae_titane

Skill      XL: |  1 |
---------------+----+-----
Stealth        | 5 |  5.3
Fighting       | |  0.1
Throwing       | |  1.0
Dodging        | |  0.2
Spellcasting   | |  3.0
Poison Magic   | |  1.7

Action                   || total
-------------------------++-------
Melee: Dagger            ||    32
       Bite              ||     3
 Stab: Sleeping          ||     1
Armor: Robe              ||     3
Dodge: Dodged            ||    16

Table legend: (Time is in decaauts)
 A = Elapsed time spent in this place.
 B = Non-inter-level travel time spent in this place.
 C = Inter-level travel time spent in this place.
 D = Time resting spent in this place.
 E = Time spent auto-exploring this place.
 F = Levels seen in this place.
 G = Mean time per level.
                   A        B        C        D        E       F      G
               +--------+--------+--------+--------+--------+-----+--------+
         Total |    181 |    181 |      0 |      0 |     97 |   1 |  181.0 |
       Dungeon |    181 |    181 |      0 |      0 |     97 |   1 |  181.0 |
               +--------+--------+--------+--------+--------+-----+--------+

Top non-repeatable levels by time:
     D:1: 181 daAuts
